 Dungeon Crawl Stone Soup version 0.32-a0-42-ga30500b4d3 (console) character file.

Game seed: 10048038113461486262

98 swinepaste the Changeling (level 4, -7/34 HPs)
             Began as a Demigod Shapeshifter on Jan 28, 2024.
             Mangled by an ogre
             ... wielding a +0 giant spiked club
              (10 damage)
             ... on level 3 of the Dungeon.
             The game lasted 00:06:02 (2067 turns).

swinepaste the Changeling (Demigod Shapeshifter)    Turns: 2067, Time: 00:06:03

Health: -7/34      AC:  9    Str: 15    XL:     4   Next: 21%
Magic:  6/6        EV: 13    Int: 12    God:
Gold:   77         SH:  0    Dex: 17    Spells: 3/3 levels left

rFire   . . .        i - +2 dagger (protect)
rCold   . . .        (no shield)
rNeg    . . .        a - +0 animal skin
rPois   .            (helmet currently unavailable)
rElec   .            (cloak currently unavailable)
rCorr   .            (gloves currently unavailable)
SInv    .            (boots currently unavailable)
Will    +....        (no amulet)
Stlth   ++           (no ring)
HPRegen 0.25/turn    (no ring)
MPRegen 0.10/turn

%: no passive effects
@: beast-form, under a protective aura, enlightened
A: beast (slay +2), high MP 1, forlorn, divine attributes
a: Begin Untransformation


You were on level 3 of the Dungeon.
You were a hulking beast.
You visited 1 branch of the dungeon, and saw 3 of its levels.

You collected 77 gold pieces.

Inventory:

Hand Weapons
 i - a +2 dagger of protection (weapon)
Armour
 a - a +0 animal skin (worn)
 n - a +0 pair of gloves
Talismans
 c - a beast talisman
 d - a flux talisman
Scrolls
 e - a scroll of identify {unknown}
 f - a scroll of fear {unknown}
 g - 2 scrolls of revelation {unknown}
 j - 2 scrolls of fog {unknown}
 k - a scroll of enchant armour {unknown}
 m - a scroll of noise {unknown}


   Skills:
 - Level 0.8 Fighting
 + Level 2.5 Dodging
 - Level 3.1 Unarmed Combat
 * Level 3.9 Shapeshifting


You had 3 spell levels left.
You didn't know any spells.
Your spell library contained the following spells:

 Spells                   Type           Power      Damage    Failure   Level
 Kiss of Death            Conj/Necr      0%         2d5       32%         1
 Necrotise                Necr           0%         1d4       32%         1
 Ensorcelled Hibernation  Hex/Ice        0%         N/A       45%         2
 Confusing Touch          Hex            0%         N/A       69%         3
 Fugue of the Fallen      Necr           0%         N/A       69%         3
 Ozocubu's Armour         Ice            0%         N/A       69%         3
 Passwall                 Erth           0%         N/A       69%         3
 Swiftness                Air            0%         N/A       69%         3
 Vampiric Draining        Necr           0%         2d6       69%         3
 Dispel Undead            Necr           0%         3d6       97%         4
 Manifold Assault         Tloc           0%         N/A       97%         4
 Martyr's Knell           Necr/Summ      0%         N/A       97%         4
 Curse of Agony           Necr           0%         N/A       100%        5


Dungeon Overview and Level Annotations

Branches:
Dungeon (3/15)


Innate Abilities, Weirdness & Mutations

You are a hulking beast.
Your limbs bulge with bestial killing power. (Slay +2)
You have an increased reservoir of magic. (+10% MP)
You shall have no god before yourself.
Your divine heritage dramatically boosts your attributes as you level up.


Message History

You hit the goblin.
The goblin is heavily wounded.
The goblin hits you but does no damage.
You hit the goblin.
You kill the goblin!
You hit the ogre. You punch the ogre.
The ogre is lightly wounded.
The ogre hits you with a +0 giant spiked club.
You barely miss the ogre.
The ogre is lightly wounded.
Your transformation is almost over.
The ogre hits you with a +0 giant spiked club!
You barely miss the ogre.
The ogre is lightly wounded.
You hit the ogre.
The ogre is moderately wounded.
The ogre hits you with a +0 giant spiked club!
You hit the ogre.
The ogre is heavily wounded.
The ogre hits you but does no damage.
You hit the ogre.
The ogre is heavily wounded.
You barely miss the ogre.
The ogre is heavily wounded.
The ogre hits you with a +0 giant spiked club!
You hit the ogre.
The ogre is severely wounded.
The ogre hits you with a +0 giant spiked club!
* * * LOW HITPOINT WARNING * * *
You hit the ogre.
The ogre is severely wounded.
You closely miss the ogre.
The ogre is severely wounded.
You feel less wooden.
Your +0 animal skin unmelds from your body.
You turn into a hulking beast.
The ogre barely misses you.
You hit the ogre.
The ogre is almost dead.
The ogre hits you with a +0 giant spiked club!
You die...

... ##.#.#.#.#.#)#.#.#.
.... #.#.#.#.#.#.#.#.#.#
.....##.#.#.#.#.#.#.#.#.
.....#.#.#.#.#.#.#.#.#.#
....#.#.#.#.#.#.#.#.#.
#..#.#.#.#.#.#.#.#.#
###.#####.#.#.#.#.#.
#.##g..##.<.#.#.#.#
##hOg..#.#.#.#.#.#.
#.##g(.##.#.#.#.#.#
##.#####.#.#.#.#.#.
#.#.#.#.#.#.#.#.#.#
##.#.#.#[#.#.#.#.#.
#[#.#.#.#.#.#.#.#.>
##.#.#.#.#.#.#.#.#.
#.#.#.#.#.#.#.#.#.#
##.#.#.#.#.#.#.#.#.


You could see an ogre and 3 goblins.

Vanquished Creatures
  A gnoll (D:2)
  4 adders (D:2)
  A ribbon worm (D:3)
  3 ball pythons (D:1)
  4 endoplasms
  3 giant cockroaches (D:1)
  7 goblins
  A hobgoblin (D:1)
  7 jackals
  2 quokkas (D:1)
  2 bats (D:2)
  A frilled lizard (D:1)
  5 kobolds
  6 rats
47 creatures vanquished.

Notes
Turn   | Place    | Note
-------+----------+-------------------------------------------
     0 | D:1      | swinepaste the Demigod Shapeshifter began the quest for the
                  | Orb.
     0 | D:1      | Reached XP level 1. HP: 15/15 MP: 3/3
   346 | D:1      | Reached XP level 2. HP: 22/22 MP: 4/4
   979 | D:2      | Reached XP level 3. HP: 27/27 MP: 5/5
  1815 | D:2      | Reached XP level 4. HP: 31/34 MP: 6/6
  2039 | D:3      | Noticed an ogre
  2067 | D:3      | Mangled by an ogre

Illustrated notes

Levels and vault maps discovered:
D:1:      dpeg_arrival_long_road, layout_loops_corners
D:2:      layout_loops_cross, shapermc_ecumenical_altar_petra, basic_altar
D:3:      layout_basic, dk_noncrumbling_3, minmay_ogre_servants, uniq_sigmund

Skill      XL: |  1  2 |
---------------+-------+-----
Unarmed Combat | 3 |  3.1
Shapeshifting  | 3 |  3.9
Dodging        | 2 |  2.5
Fighting       | |  0.8

Action                     |  1- 3 |  4- 6 || total
---------------------------+-------+-------++-------
  Melee: Unarmed           |    42 |       ||    42
         Dagger            |    67 |    45 ||   112
         Punch             |       |     1 ||     1
    Use: Potion            |       |     4 ||     4
   Stab: Sleeping          |     1 |       ||     1
 Armour: Animal skin       |    44 |     8 ||    52
         Skin              |       |    13 ||    13
  Dodge: Dodged            |    73 |    16 ||    89

Table legend: (Time is in decaauts)
 A = Elapsed time spent in this place.
 B = Non-inter-level travel time spent in this place.
 C = Inter-level travel time spent in this place.
 D = Time resting spent in this place.
 E = Time spent auto-exploring this place.
 F = Levels seen in this place.
 G = Mean time per level.
                   A        B        C        D        E       F      G
               +--------+--------+--------+--------+--------+-----+--------+
         Total |   2065 |   1963 |    102 |    127 |   1365 |   3 |  688.3 |
       Dungeon |   2065 |   1963 |    102 |    127 |   1365 |   3 |  688.3 |
               +--------+--------+--------+--------+--------+-----+--------+

Top non-repeatable levels by time:
     D:1: 1003 daAuts
     D:2: 782 daAuts
     D:3: 280 daAuts
